Map: New Repugnancy LE

Players

Smeeeger - Winner!

  • Race: Protoss Protoss
  • League: Platinum
  • Spawn Location: 1:00

PRORORAN

  • Race: Terran Terran
  • League: Gold
  • Spawn Location: 7:00

VOD

Have the link to the VOD?

Description

Time

  • Played on: July 25, 2019, 7:58 a.m.
  • Length: 11:02
Show
View Real Time Build Order
Export as new Build Order

Smeeeger Protoss - Winner!

Build Orders: 1 Gate Expand 

Get SALT Encoding   

  12  0:01  Probe  
  13  0:13  Probe  
  14  0:24  Pylon  
  14  0:30  Probe  
  15  0:40  Probe  
  16  0:42  Gateway  
  16  0:48  Probe  
  16  0:57  Probe  
  17  1:01  Assimilator  
  18  1:09  Probe  
  19  1:21  Probe  
  20  1:39  Nexus  
  20  1:47  Cybernetics Core  
  20  1:52  Gateway  
  20  1:53  Probe  
  21  2:10  Warp Gate  
  21  2:18  Adept  
  22  3:05  Probe  
  23  3:07  Probe  
  24  3:17  Probe  
  24  3:19  Probe  
  26  3:29  Probe  
  26  3:31  Probe, Adept x2  
  32  3:39  Probe  
  32  3:40  Pylon  
  33  3:41  Probe  
  33  3:43  Pylon  
  33  3:47  Probe  
  34  3:49  Pylon  
  34  3:52  Twilight Council  
  34  3:53  Probe  
  36  3:58  Probe  
  37  4:05  Probe  
  38  4:12  Zealot x2  
  38  4:14  Probe  
  38  4:15  Probe  
  38  4:16  Pylon  
  43  4:22  Probe  
  43  4:23  Probe  
  44  4:29  Assimilator  
  46  4:31  Resonating Glaives  
  46  4:33  Assimilator  
  46  4:38  Shield Battery x2  
  46  4:41  Probe  
  46  4:42  Probe  
  48  4:46  Adept x2  
  52  4:55  Gateway x2  
  52  4:57  Gateway  
  52  5:07  Probe x2  
  52  5:11  Zealot x2  
  58  5:19  Probe  
  58  5:20  Robotics Facility  
  59  5:26  Pylon  
  45  6:11  Charge  
  45  6:12  Adept  
  45  6:13  Adept x2  
  45  6:14  Stalker x2  
  51  6:18  Warp Prism  
  53  6:35  Pylon  
  53  6:36  Gateway  
  53  6:37  Gateway  
  53  6:38  Adept x4  
  53  6:39  Gateway, Adept  
  63  6:55  Forge  
  63  6:57  Forge  
  63  6:58  Pylon  
  63  7:03  Immortal, Pylon  
  67  7:19  Nexus, Robotics Facility  
  67  7:21  Robotics Bay  
  67  7:25  Shield Battery  
  67  7:30  Shield Battery  
  67  7:34  Zealot x3  
  67  7:35  Zealot x4  
  81  7:43  Protoss Ground Weapons Level 1  
  81  7:45  Protoss Ground Armor Level 1  
  81  7:50  Assimilator  
  81  7:53  Immortal  
  61  8:43  Adept x3  
  61  8:44  Adept  
  61  8:45  Adept x4  
  77  8:49  Probe x3  
  77  8:53  Colossus  
  80  9:01  Probe x3, Colossus  
  89  9:13  Probe  
  89  9:14  Probe x2  
  89  9:16  Extended Thermal Lance  
  98  9:25  Probe  
  98  9:26  Probe x2  
  87  9:46  Colossus  
  87  9:49  Zealot  
  87  9:50  Zealot x6  
  87  9:51  Zealot  
  109  10:02  Nexus  
  109  10:08  Warp Prism  
  109  10:11  Zealot  
  109  10:12  Zealot x2  
  117  10:30  Pylon  
  117  10:32  Pylon  
  117  10:34  Pylon x2  
  117  10:48  Probe x3  
Show
View Real Time Build Order
Export as new Build Order

PRORORAN Terran 

Build Orders:  

Get SALT Encoding   

  12  0:01  SCV  
  13  0:13  SCV  
  14  0:25  Supply Depot, SCV  
  15  0:29  Refinery  
  15  0:51  Barracks  
  15  0:56  SCV  
  16  1:08  SCV  
  17  1:20  SCV  
  18  1:34  SCV  
  19  1:40  Supply Depot  
  19  1:44  Reaper  
  20  1:48  Refinery, Orbital Command  
  20  1:57  Barracks  
  20  2:20  SCV  
  21  2:24  Barracks Reactor  
  21  2:31  Command Center  
  21  2:32  SCV  
  22  2:44  SCV  
  23  2:56  SCV  
  23  3:05  Marine x2  
  24  3:10  SCV  
  25  3:14  Engineering Bay  
  25  3:22  SCV  
  26  3:30  Barracks Tech Lab  
  26  3:36  Barracks  
  26  3:39  Factory  
  26  3:40  SCV  
  27  3:41  Terran Infantry Weapons Level 1  
  27  3:47  Marine x2  
  29  3:53  SCV  
  30  3:56  Missile Turret  
  30  3:59  Stimpack  
  30  4:04  Supply Depot  
  30  4:22  Marauder  
  33  4:24  SCV  
  33  4:30  Barracks Tech Lab  
  33  4:32  Marine x2  
  33  4:36  SCV  
  36  4:43  Marauder  
  38  4:46  Supply Depot  
  38  4:48  SCV  
  38  4:51  Concussive Shells  
  39  4:54  Factory Tech Lab  
  39  4:58  Barracks  
  39  5:01  Orbital Command  
  39  5:05  Marine x2  
  41  5:13  Siege Tank  
  44  5:16  SCV  
  45  5:28  SCV  
  46  5:30  Barracks  
  46  5:33  SCV  
  47  5:40  Bunker, SCV  
  43  5:46  Marine x4, SCV  
  43  5:58  SCV  
  40  6:19  SCV  
  40  6:25  Marine x2  
  44  6:26  Marine, Marauder x2  
  44  6:29  Supply Depot  
  44  6:31  Barracks Tech Lab  
  44  6:32  SCV  
  49  6:39  Missile Turret  
  49  6:44  SCV  
  49  6:46  Siege Tank  
  55  6:47  Marauder x2  
  55  6:50  Starport  
  55  6:51  Supply Depot  
  57  6:56  SCV  
  58  7:08  SCV  
  59  7:15  Refinery x2  
  59  7:16  SCV  
  59  7:20  SCV  
  59  7:22  Supply Depot  
  61  7:24  Barracks Reactor  
  61  7:28  SCV  
  62  7:30  Barracks  
  62  7:32  SCV  
  62  7:33  Terran Infantry Armor Level 1  
  62  7:36  Siege Tank  
  66  7:38  Combat Shield  
  66  7:39  Marine x2  
  66  7:40  Armory, Marine, Marauder x2  
  73  7:56  Missile Turret  
  73  8:02  Starport Reactor  
  73  8:05  Starport  
  72  8:16  Barracks, Missile Turret  
  57  8:23  Liberator  
  50  8:30  Marine x4  
  50  8:31  Marine x3  
  44  8:37  Marine  
  44  8:38  Siege Tank  
  44  8:48  Marine  
  44  8:53  Marine x3  
  47  8:59  Bunker  
  43  9:07  Marine x3  
  44  9:11  Siege Tank  
  47  9:28  Starport Reactor  
  46  9:37  Marine x4  
  32  9:49  Marine x2  
  32  9:50  Marine  
  35  9:54  Marine  
  35  9:55  Marine, Marauder  
  39  10:08  Marauder  
Tags
 
Add a new tag
Caveats
  • Supply blocks, unpowered buildings, or Contaminate may cause inaccurate times.
  • Supply counts are checked every 10 seconds.